Map: King's Cove LE

Players

GhostHell

  • Race: Zerg Zerg
  • Spawn Location: 11:00

DIMAGA - Winner!

  • Race: Zerg Zerg
  • Spawn Location: 5:00

Event: 2019 WCS Spring

VOD

Have the link to the VOD?

Description

Time

  • Played on: May 17, 2019, 8:12 a.m.
  • Length: 7:50

All games in this series

Show
View Real Time Build Order
Export as new Build Order

GhostHell Zerg 

Build Orders: Hatch First 

Get SALT Encoding   

  12  0:01  Drone  
  13  0:13  Overlord  
  13  0:18  Drone  
  14  0:32  Drone x2  
  16  0:36  Drone  
  17  0:53  Hatchery  
  17  0:56  Drone  
  17  1:00  Drone  
  18  1:10  Extractor  
  17  1:15  Spawning Pool  
  17  1:18  Drone  
  17  1:21  Drone  
  18  1:30  Drone  
  19  1:42  Overlord  
  19  1:52  Drone  
  20  2:02  Queen, Zergling x2  
  20  2:04  Queen  
  20  2:05  Zergling x2  
  26  2:10  Metabolic Boost  
  26  2:13  Drone  
  27  2:18  Drone  
  28  2:23  Drone  
  28  2:26  Drone  
  30  2:38  Hatchery  
  30  2:41  Drone  
  30  2:43  Drone  
  31  2:45  Drone  
  32  2:52  Baneling Nest  
  32  2:57  Overlord  
  31  3:01  Drone x2  
  33  3:10  Drone  
  34  3:14  Zergling x4  
  34  3:18  Zergling x8  
  39  3:21  Zergling x2  
  40  3:30  Zergling x4  
  42  3:36  Evolution Chamber  
  41  3:42  Zergling x4  
  41  3:43  Overlord  
  41  3:45  Overlord  
  43  3:48  Baneling x3  
  43  3:49  Baneling  
  43  3:52  Zergling x2  
  43  3:53  Zergling x4  
  46  4:01  Zergling x6  
  46  4:02  Zergling x2  
  49  4:06  Zerg Missile Weapons Level 1  
  48  4:14  Zergling x8  
  38  4:24  Queen  
  38  4:30  Queen  
  42  4:34  Baneling x2  
  42  4:36  Drone  
  43  4:46  Roach Warren  
  43  4:48  Zergling x4  
  43  4:59  Zergling x12  
  33  5:14  Drone x5  
  36  5:30  Drone x2  
  36  5:31  Baneling x3  
  36  5:33  Baneling x2  
  36  5:34  Zergling x6  
  37  5:43  Zergling x8  
  38  5:54  Roach x2  
  40  6:09  Roach x4  
  45  6:17  Drone x3  
  48  6:20  Zergling x2  
  48  6:21  Zergling x2  
  49  6:39  Roach  
  54  6:40  Roach x2  
  54  6:45  Zergling x2  
  54  6:46  Zergling x2  
  53  6:55  Zergling x8  
  53  7:00  Zergling x2  
  48  7:05  Baneling  
  48  7:06  Baneling  
  48  7:08  Zergling x2  
  49  7:15  Zergling x2  
  49  7:16  Zergling x4  
  49  7:31  Zergling x8  
Show
View Real Time Build Order
Export as new Build Order

DIMAGA Zerg - Winner!

Build Orders: Hatch First, Zergling Baneling 

Get SALT Encoding   

  12  0:00  Drone  
  13  0:13  Overlord  
  13  0:20  Drone  
  14  0:31  Drone  
  14  0:32  Drone  
  16  0:49  Hatchery  
  15  0:52  Drone  
  15  0:56  Drone  
  17  0:59  Drone  
  18  1:10  Extractor  
  17  1:15  Spawning Pool  
  16  1:18  Drone  
  16  1:22  Drone  
  18  1:29  Drone  
  19  1:39  Drone  
  20  1:50  Drone  
  21  2:00  Overlord  
  21  2:01  Queen  
  21  2:02  Queen, Drone  
  26  2:13  Drone x2  
  26  2:14  Metabolic Boost  
  28  2:23  Drone  
  28  2:24  Drone  
  30  2:37  Hatchery  
  29  2:40  Zergling x2  
  29  2:41  Zergling x2  
  31  2:48  Zergling x2, Baneling Nest  
  31  2:51  Zergling x2  
  31  2:56  Overlord  
  32  2:58  Drone  
  33  3:13  Zergling x2  
  33  3:14  Zergling x4  
  33  3:19  Drone  
  36  3:21  Zergling x8  
  36  3:25  Queen  
  42  3:33  Evolution Chamber, Baneling x2  
  41  3:39  Zergling x2  
  41  3:40  Zergling x2  
  43  3:42  Overlord  
  43  3:46  Baneling x2  
  42  3:57  Zergling x10  
  42  4:02  Baneling  
  45  4:03  Baneling  
  45  4:07  Zergling x10  
  49  4:14  Zergling x4  
  49  4:20  Baneling  
  46  4:25  Drone x2  
  46  4:26  Drone  
  46  4:30  Baneling x2  
  49  4:36  Drone x2  
  51  4:47  Baneling  
  51  4:48  Baneling  
  51  4:50  Hatchery  
  50  4:58  Zergling x6  
  51  5:05  Drone  
  49  5:11  Zergling x2  
  49  5:12  Zergling x10  
  51  5:18  Zerg Missile Weapons Level 1  
  49  5:29  Extractor, Zergling x4  
  49  5:33  Roach Warren  
  49  5:34  Baneling x2  
  49  5:40  Zergling x6  
  52  5:48  Baneling  
  52  5:49  Baneling  
  51  5:53  Drone x5  
  49  6:08  Drone x4  
  51  6:13  Zergling x2  
  51  6:14  Zergling x6  
  55  6:19  Roach  
  57  6:30  Baneling x2  
  57  6:31  Zergling x6  
  56  6:35  Overlord x2  
  56  6:36  Lair  
  56  6:37  Roach x2  
  52  6:49  Roach x2  
  52  6:50  Roach  
  57  6:55  Roach  
  58  7:04  Extractor  
  58  7:05  Roach x3, Zergling x2  
  64  7:11  Roach  
  64  7:14  Zergling x10  
  71  7:17  Roach  
  73  7:25  Zergling x2  
  73  7:28  Roach  
Tags
 
Add a new tag
Caveats
  • Supply blocks, unpowered buildings, or Contaminate may cause inaccurate times.
  • Supply counts are checked every 10 seconds.